 Dungeon Crawl Stone Soup version 0.19.1-1-g22dce08 (webtiles) character file.

183 dngmouse the Firebug (level 5, 0/38 HPs)
             Began as a Hill Orc Fire Elementalist on Jan 11, 2017.
             Slain by an orc
             ... wielding a +0 dagger
              (5 damage)
             ... on level 3 of the Dungeon.
             The game lasted 00:11:43 (3993 turns).

dngmouse the Firebug (Hill Orc Fire Elementalist)   Turns: 3993, Time: 00:11:48

Health: 0/38       AC:  3    Str: 11    XL:     5   Next: 62%
Magic:  2/7        EV: 17    Int: 16    God:
Gold:   144        SH:  0    Dex: 16    Spells: 2 memorised, 3 levels left

rFire  . . .     SeeInvis .     d - +0 hand axe
rCold  . . .     Gourm    .     a - +0 robe
rNeg   . . .     Faith    .     (no shield)
rPois  .         Spirit   .     r - +0 helmet (curse)
rElec  .         Reflect  .     (no cloak)
rCorr  .         Harm     .     (no gloves)
MR     .....                    (no boots)
Stlth  +++.......               (no amulet)
                                (no ring)
                                (no ring)

@: agile, very slightly contaminated, hasted, very quick
A: no striking features
a: Convert to Beogh


You were on level 3 of the Dungeon.
You were not hungry.

You visited 1 branch of the dungeon, and saw 3 of its levels.

You collected 144 gold pieces.

Inventory:

Hand Weapons
 d - a +0 hand axe (weapon)
 k - a +1 dagger of electrocution
Missiles
 f - 156 stones (quivered)
Armour
 a - a +0 robe (worn)
 p - a +0 ring mail
 r - a cursed +0 helmet (worn)
Scrolls
 e - 3 scrolls of identify {unknown}
 g - 3 scrolls of blinking {unknown}
 i - a scroll of teleportation {unknown}
 m - a scroll of remove curse {unknown}
 q - a scroll of noise {unknown}
Potions
 n - a potion of curing
Books
 b - a book of Flames

   Spells                             Type                      Level
   a - Flame Tongue                   Conjuration/Fire             1
   b - Throw Flame                    Conjuration/Fire             2
   c - Conjure Flame                  Conjuration/Fire             3
   d - Inner Flame                    Hexes/Fire                   3
   e - Sticky Flame                   Conjuration/Fire             4
   f - Fireball                       Conjuration/Fire             5
Comestibles
 c - 2 bread rations
 j - 2 meat rations
 o - a slice of pizza


   Skills:
 + Level 2.2 Axes
 - Level 1.5 Dodging
 - Level 1.5 Stealth
 - Level 1.5 Spellcasting
 - Level 1.0 Conjurations
 * Level 6.3 Fire Magic


You had 3 spell levels left.
You knew the following spells:

 Your Spells              Type           Power        Failure   Level  Hunger
a - Flame Tongue          Conj/Fire      ##...        6%          1    ##.....
b - Conjure Flame         Conj/Fire      ##......     14%         3    ####...


Dungeon Overview and Level Annotations

Branches:
Dungeon (3/15)

Altars:


Message History

It was a potion of haste.
You feel yourself speed up. Something hits you but does no damage.
The orc hits you but does no damage. The orc misses you.
You are very lightly contaminated with residual magic.
It was a potion of agility.
You feel agile all of a sudden. Something hits you.
The orc hits you with a dagger.
* * * LOW HITPOINT WARNING * * *
The orc hits you but does no damage.
You are too injured to fight recklessly!
You are too injured to fight recklessly!
You are too injured to fight recklessly!
You hit the orc.
The orc is heavily wounded.
You hit something but do no damage. You hit the orc.
The orc priest threatens, "By the altar or by the axe, you will meet Beogh!"
The orc hits you with a dagger.
* * * LOW HITPOINT WARNING * * *
Something hits you but does no damage. The orc hits you with a dagger.
You die...

#........... ..#.
####.####### #.## #.#
#.#. #.# #####.#.
####'######.......
#........###.##.#.
#........# #.#.
######........######.##
#....o@##..............
#....o{#############.##
#.....oo #.# #.......#
#.# #........ #.#
#<.....$#. #.#
#.......#. #.#
####!##.# . #.# #.#


You could see an orc priest and 3 orcs.

Vanquished Creatures
  An orc priest (D:3)
  An orc wizard (D:3)
  Robin (D:3)
  2 adders (D:3)
  An adder zombie (D:3)
  2 worms (D:3)
  A dart slug (D:1)
  2 leopard geckos
  2 orcs (D:3)
  6 bats
  A giant cockroach (D:2)
  15 goblins
  10 hobgoblins
  4 jackals (D:1)
  13 kobolds
  6 ball pythons
  7 frilled lizards
  7 rats
82 creatures vanquished.

Notes
Turn   | Place    | Note
-------+----------+-------------------------------------------
     0 | D:1      | dngmouse the Hill Orc Fire Elementalist began the quest for the Orb.
     0 | D:1      | Reached XP level 1. HP: 14/14 MP: 3/3
   159 | D:1      | Reached XP level 2. HP: 19/20 MP: 1/4
   171 | D:1      | Reached skill level 4 in Fire Magic
   785 | D:1      | Reached XP level 3. HP: 26/26 MP: 3/5
  1227 | D:2      | Reached skill level 5 in Fire Magic
  1317 | D:2      | Found a faded altar of an unknown god.
  1660 | D:2      | Reached XP level 4. HP: 24/33 MP: 6/6
  1964 | D:2      | Learned a level 3 spell: Conjure Flame
  2919 | D:2      | HP: 1/33 [kobold/short sword (5)]
  3459 | D:3      | Reached skill level 1 in Axes
  3465 | D:3      | Reached XP level 5. HP: 26/38 MP: 1/7
  3472 | D:3      | Reached skill level 6 in Fire Magic
  3700 | D:3      | Noticed Robin
  3719 | D:3      | Killed Robin
  3993 | D:3      | Slain by an orc

Skill      XL: |  1  2  3  4  5 |
---------------+----------------+-----
Fire Magic     | 4 5 6 |  6.3
Axes           | 1 2 |  2.2
Dodging        | |  1.5
Stealth        | |  1.5
Spellcasting   | |  1.5
Conjurations   | |  1.0

Action                   |  1- 3 |  4- 6 || total
-------------------------+-------+-------++-------
Melee: Club              |    39 |       ||    39
       Dagger            |    76 |     4 ||    80
       Hand axe          |       |   186 ||   186
Throw: Stone             |       |     3 ||     3
 Cast: Flame Tongue      |    30 |    35 ||    65
  Use: Potion            |       |     3 ||     3
 Stab: Sleeping          |     1 |     2 ||     3
       Distracted        |     1 |     1 ||     2
  Eat: Chunk             |     3 |     9 ||    12
Armor: Robe              |    24 |    50 ||    74
Dodge: Dodged            |    86 |   139 ||   225
